 Dungeon Crawl Stone Soup version 0.20-a0-871-g785f14b (webtiles) character file.

19 nikopol the Skirmisher (level 2, 27/27 HPs)
             Began as a Minotaur Berserker on Mar 14, 2017.
             Was a Follower of Trog.
             Quit the game on level 1 of the Dungeon.
             The game lasted 00:02:13 (570 turns).

nikopol the Skirmisher (Minotaur Berserker)          Turns: 570, Time: 00:02:14

Health: 27/27      AC:  9    Str: 21    XL:     2   Next: 55%
Magic:  1/1        EV:  8    Int: -2    God:    Trog [*.....]
Gold:   19         SH:  0    Dex:  9    Spells: 1/1 levels left

rFire    . . .     SeeInvis .   a - +0 hand axe
rCold    . . .     Gourm    .   h - +0 chain mail {rN+}
rNeg     + . .     Faith    .   (no shield)
rPois    .         Spirit   .   (helmet restricted)
rElec    .         Reflect  .   (no cloak)
rCorr    .         Harm     .   (no gloves)
MR       .....                  (no boots)
Stlth    ..........             (no amulet)
Regen    0.1/turn               (no ring)
MPRegen  0.1/turn               n - -6 ring of intelligence (curse)

@: slowed, lost intelligence, very slow
A: retaliatory headbutt, horns 2
a: Berserk, Burn Spellbooks, Renounce Religion


You were on level 1 of the Dungeon.
You worshipped Trog.
Trog was aware of your devotion.
You were not hungry.

You visited 1 branch of the dungeon, and saw 1 of its levels.

You collected 19 gold pieces.

Inventory:

Hand Weapons
 a - a +0 hand axe (weapon)
Armour
 b - a +0 animal skin
 g - a +0 leather armour
 h - a +0 chain mail of positive energy (worn)
Jewellery
 n - a cursed -6 ring of intelligence (left hand)
Scrolls
 e - a scroll of magic mapping {unknown}
 f - a scroll of blinking {unknown}
 k - 2 scrolls of identify {unknown}
Potions
 d - a potion of flight {unknown}
 j - a potion of agility {unknown}
 l - a potion of might {unknown}
 m - a potion of lignification {unknown}
Comestibles
 c - 4 bread rations


   Skills:
 + Level 4.1 Fighting
 + Level 3.7 Axes
 + Level 2.9 Armour
 + Level 2.5 Dodging


You had one spell level left.
You didn't know any spells.

Dungeon Overview and Level Annotations

Branches:
Dungeon (1/15)

Altars:


Innate Abilities, Weirdness & Mutations

You reflexively headbutt those who attack you in melee.
You have a pair of horns on your head.


Message History

Oops, that ring feels deathly cold.
n - a cursed -6 ring of intelligence (left hand)
You can move again.
Some of the chunks of flesh in your inventory have rotted away.
Some of the chunks of flesh in your inventory have rotted away.
You enter the shallow water.
Moving in this stuff is going to be slow.
All of the chunks of flesh in your inventory have rotted away.
There is a stone staircase leading down here.
Done exploring.
Done exploring.
Done exploring.
Done exploring.
Done exploring.
Done exploring.
Done exploring.
Done exploring.
Done exploring.
Done exploring.
Are you sure you want to abandon this character and quit the game? (Confirm with "yes".)

#.#.............>..## #.
#)###..............# #######.
#.###.............(#######.......
#.##...............(....##.######
#.##.......####.....)[.........##
#(##.#####.#####...........###...
#..(..)......#....(.........#####
#............................#
#.#..........#..@............#
###..........#...............#
#..........#...............#
#..........#...............#
#############.............##
##.....#.....## #############


There were no monsters in sight!

Vanquished Creatures
  A giant cockroach (D:1)
  A goblin (D:1)
  4 hobgoblins (D:1)
  2 jackals (D:1)
  7 kobolds (D:1)
  2 bats (D:1)
  A rat (D:1)
18 creatures vanquished.

Vanquished Creatures (others)
  4 toadstools (D:1)
4 creatures vanquished.

Grand Total: 22 creatures vanquished

Notes
Turn   | Place    | Note
-------+----------+-------------------------------------------
     0 | D:1      | nikopol the Minotaur Berserker began the quest for the Orb.
     0 | D:1      | Reached XP level 1. HP: 19/19 MP: 0/0
   262 | D:1      | Reached XP level 2. HP: 27/27 MP: 1/1
   477 | D:1      | Reached skill level 4 in Fighting
   483 | D:1      | Lost intelligence.
   570 | D:1      | Quit the game

Vault maps used:
D:1:      ldierk_walled_garden_2, lemuel_old_faithful

Skill      XL: |  1  2 |
---------------+-------+-----
Fighting       | 4 |  4.1
Axes           | |  3.7
Armour         | |  2.9
Dodging        | |  2.5

Action                   || total
-------------------------++-------
Melee: Hand axe          ||    40
       Headbutt          ||     5
Armor: Chain mail        ||    23
Dodge: Dodged            ||    25
